Oilers vs Capitals
(R1)
Created - 28 mars 2013 at 19:05
Goals
|
| Oilers |
2 |
1 |
0 |
3 |
| Capitals |
1 |
0 |
3 |
4 |
|
Shots
|
| Oilers |
15 |
7 |
13 |
35 |
| Capitals |
9 |
5 |
23 |
37 |
|
1st period
1. Capitals , Milan Michalek 9 (Nicklas Backstrom, Evgeni Malkin) at 11:53
2. Oilers , Patrick Marleau 17 (Pavel Datsyuk) at 11:57
3. Oilers , Pavel Datsyuk 33 (Pascal Dupuis, Mark Fistric) at 13:06
Penalties :
Pavel Datsyuk (Edm) for High sticking (Minor) at 6:28, Evgeni Malkin (Was) for Holding (Minor) at 9:42, Mark Fistric (Edm) for Hooking (Minor) at 9:42, Alex Tanguay (Was) for Hooking (Minor) at 17:36
2nd period
4. Oilers , Pierre-Marc Bouchard 17 (Ilya Kovalchuk, Ian White) at 15:52
Penalties :
Brian Rolston (Was) for Slashing (Minor) at 2:05, Steve Begin (Edm) for Tripping (Minor) at 3:06, Steve Begin (Edm) for Tripping (Minor) at 6:50, Rob Scuderi (Edm) for High sticking (Minor) at 11:11, Brian Rafalski (Was) for Holding (Minor) at 16:10, Jeff Finger (Was) for Roughing (Minor) at 19:01, Steve Begin (Edm) for Tripping (Minor) at 19:01
3rd period
5. Capitals , Evgeni Malkin 33 (Patrick Kane, Thomas Vanek) at 10:34
6. Capitals , Evgeni Malkin 34 (Patrick Kane) at 14:12 (PP)
7. Capitals , Mike Komisarek 4 (Evgeni Malkin, Thomas Vanek) at 17:59 (PP)
Penalties :
Corey Perry (Was) for Hooking (Minor) at 2:27, Pavel Datsyuk (Edm) for High sticking (Minor) at 2:27, Kurtis Foster (Edm) for High sticking (Minor) at 11:35, Pascal Dupuis (Edm) for Holding (Minor) at 14:04, Kurtis Foster (Edm) for Hooking (Minor) at 17:10, Patrick Kane (Was) for Hooking (Minor) at 19:18
Goalie Stats
Cam Ward (Edm), 33 saves from 37 shots - (0,892), L, 21-19-4, 59:11 minutes
Marty Turco (Was), 32 saves from 35 shots - (0,914), W, 32-13-1, 60:00 minutes
Players Stats for Oilers
Player Name G A P +/- PIM S H SB GA TA FO MP PP MP PK MP
------------------------------------------------------------------------------------
Eric Nystrom 0 0 0 -1 0 4 0 0 0 0 0/0 8:49 0:04 0:40
Ian White 0 1 1 -1 0 3 1 1 0 2 0/0 21:06 3:00 1:14
Ilya Kovalchuk 0 1 1 1 0 8 4 2 1 1 3/3 21:41 3:09 2:06
Jiri Slegr 0 0 0 -1 0 0 4 1 0 1 0/0 25:16 3:00 4:41
Joe Callahan 0 0 0 1 0 1 0 1 1 1 0/0 24:37 2:40 5:13
Joe Pavelski 0 0 0 0 0 2 2 1 1 0 0/0 17:14 2:31 0:07
Jonathan Toews 0 0 0 0 0 0 1 0 1 0 1/1 1:59 0:00 0:10
Kurtis Foster 0 0 0 1 4 2 1 1 1 0 0/0 19:40 2:40 0:46
Mark Fistric 0 1 1 0 2 0 2 3 0 1 0/0 15:20 0:00 4:19
Martin Lapointe 0 0 0 0 0 2 0 1 0 0 0/0 11:32 0:00 4:52
Marty Reasoner 0 0 0 -1 0 3 3 0 1 2 8/10 14:06 0:00 4:52
Pascal Dupuis 0 1 1 1 2 0 1 0 0 0 0/0 9:08 0:00 0:00
Patrick Kaleta 0 0 0 1 0 0 0 1 0 0 0/0 9:50 0:42 0:00
Patrick Marleau 1 0 1 1 0 2 1 0 0 1 0/1 11:36 2:27 0:00
Pavel Datsyuk 1 1 2 1 4 4 1 1 0 0 15/30 23:13 2:27 3:37
Pierre-Marc Bouchard 1 0 1 1 0 2 1 0 0 0 11/19 15:36 3:09 0:00
Rob Scuderi 0 0 0 1 2 0 0 0 0 0 0/0 14:16 0:00 3:35
Steve Begin 0 0 0 0 6 2 0 0 0 0 0/2 18:02 2:30 3:24
Players Stats for Capitals
Player Name G A P +/- PIM S H SB GA TA FO MP PP MP PK MP
------------------------------------------------------------------------------------
Ales Hemsky 0 0 0 0 0 2 1 0 0 0 0/0 5:56 0:16 0:00
Alex Tanguay 0 0 0 0 2 0 0 1 1 1 0/1 12:08 0:16 0:24
Anton Volchenkov 0 0 0 1 0 1 2 1 0 0 0/0 24:41 4:47 3:32
Brian Rafalski 0 0 0 0 2 3 3 2 2 0 0/0 28:49 5:27 1:22
Brian Rolston 0 0 0 0 2 1 1 1 0 0 0/0 11:26 0:08 1:17
Corey Perry 0 0 0 0 2 3 1 0 2 0 0/0 14:17 3:55 0:00
Dennis Wideman 0 0 0 0 0 0 2 0 0 0 0/0 21:07 4:27 0:46
Evgeni Malkin 2 2 4 -1 2 6 6 0 1 1 13/40 24:53 5:43 2:55
Jason Blake 0 0 0 0 0 0 0 0 0 0 0/0 7:24 0:16 0:29
Jeff Finger 0 0 0 -1 2 2 0 0 0 0 0/0 12:00 0:00 1:24
Mike Komisarek 1 0 1 -1 0 2 0 1 0 1 0/0 23:16 4:08 3:01
Milan Michalek 1 0 1 1 0 1 2 0 1 0 2/2 21:08 3:47 3:12
Nicklas Backstrom 0 1 1 1 0 2 1 0 0 0 7/11 13:41 3:47 0:00
Patrick Kane 0 2 2 -2 2 5 2 0 0 1 0/2 19:45 5:43 1:28
Peter Regin 0 0 0 0 0 1 2 0 0 0 3/5 9:02 0:00 0:00
Samuel Pahlsson 0 0 0 0 0 2 0 0 0 0 2/3 7:11 0:00 1:35
Sergei Gonchar 0 0 0 -1 0 3 0 0 2 1 0/0 10:29 0:59 1:15
Thomas Vanek 0 2 2 -2 0 3 4 1 0 1 1/2 20:05 5:51 0:00
3 Stars
1 - Evgeni Malkin (Was)
2 - Milan Michalek (Was)
3 - Pierre-Marc Bouchard (Edm)
Power Play
Oilers - 0 on 4 Attempt(s) - 0,00%
Capitals - 2 on 7 Attempt(s) - 28,57%
Penalty Kill
Oilers - 5 on 7 Attempt(s) - 71,43%
- Score 0 goal in Penalty Kill
Capitals - 4 on 4 Attempt(s) - 100,00%
- Score 0 goal in Penalty Kill
Official
Referees : Jackson Dave and Walsh Ian
Linesman : Brad Kovachik and Brian Murphy
Game Notes
Jonathan Toews is injured at 7:54 of 1st period (Bruised Right Foot)
Sergei Gonchar is injured at 3:33 of 2nd period (Bruised Right Foot)
Finance
Level 1 -- Attendance: 6000 (100,00%) -- Ticket Income 300 000 $
Level 2 -- Attendance: 5000 (100,00%) -- Ticket Income 200 000 $
Level 3 -- Attendance: 1995 (99,75%) -- Ticket Income 59 850 $
Level 4 -- Attendance: 3133 (78,33%) -- Ticket Income 62 660 $
Luxury Box -- Attendance: 1000 (100,00%) -- Ticket Income 80 000 $
Game was played at the Verizon Center
Total Attendance: 17128 (95,16%)
Total Ticket Income: 702 510 $
Total Income: 702 510 $
Oilers
5 vs 5 Forward
Center Left Wing Right Wing Time % Phy DF OF
1 Pierre-Marc Bouchard Ilya Kovalchuk Patrick Kaleta 30 1 2 2
2 Pavel Datsyuk Patrick Marleau Pascal Dupuis 30 1 2 2
3 Jonathan Toews Steve Begin Joe Pavelski 30 1 2 2
4 Marty Reasoner Eric Nystrom Martin Lapointe 10 1 3 1
5 vs 5 Defense
Defense Defense Time % Phy DF OF
1 Jiri Slegr Ian White 35 1 2 2
2 Kurtis Foster Joe Callahan 33 1 2 2
3 Rob Scuderi Mark Fistric 27 1 2 2
4 Ian White Jiri Slegr 5 2 1 2
PowerPlay Forward
Center Left Wing Right Wing Time % Phy DF OF
1 Pierre-Marc Bouchard Ilya Kovalchuk Jonathan Toews 50 1 1 3
2 Pavel Datsyuk Patrick Marleau Joe Pavelski 50 1 1 3
PowerPlay Defense
Defense Defense Time % Phy DF OF
1 Ian White Jiri Slegr 50 0 2 3
2 Kurtis Foster Joe Callahan 50 0 2 3
Penalty Kill 4 Players Forward
Center Wing Time % Phy DF OF
1 Pavel Datsyuk Steve Begin 50 1 3 1
2 Marty Reasoner Martin Lapointe 50 1 3 1
Penalty Kill 4 Players Defense
Defense Defense Time % Phy DF OF
1 Rob Scuderi Joe Callahan 50 1 3 1
2 Jiri Slegr Mark Fistric 50 1 3 1
Penalty Kill - 3 Players Forward
Forward Time % Phy DF OF
1 Marty Reasoner 50 1 3 1
2 Pavel Datsyuk 50 1 3 1
Penalty Kill - 3 Players Defense
Defense Defense Time % Phy DF OF
1 Rob Scuderi Mark Fistric 50 1 4 0
2 Ian White Jiri Slegr 50 1 4 0
4 vs 4 Forward
Center Wing Time % Phy DF OF
1 Pavel Datsyuk Joe Pavelski 50 1 1 3
2 Pierre-Marc Bouchard Ilya Kovalchuk 50 1 1 3
4 vs 4 Defense
Defense Defense Time % Phy DF OF
1 Ian White Jiri Slegr 50 1 2 2
2 Kurtis Foster Joe Callahan 50 1 2 2
Last Minutes Offensive
Center Left Wing Right Wing Defense Defense
Pavel Datsyuk Ilya Kovalchuk Joe Pavelski Kurtis Foster Jiri Slegr
Last Minutes Defensive
Center Left Wing Right Wing Defense Defense
Pavel Datsyuk Ilya Kovalchuk Joe Pavelski Jiri Slegr Ian White
Goaltenders
Starting : Cam Ward
Backup : Byron Dafoe
Extra Forwards
Normal : Pavel Datsyuk, Joe Pavelski, Ilya Kovalchuk - PP : Steve Begin, Patrick Kaleta - PK : Ilya Kovalchuk
Extra Defensemen
Normal : Kurtis Foster, Jiri Slegr, Ian White - PP : Jiri Slegr - PK : Ian White, Kurtis Foster
Penalty Shots
Ilya Kovalchuk, Pavel Datsyuk, Patrick Marleau, Joe Pavelski, Pierre-Marc Bouchard
Capitals
5 vs 5 Forward
Center Left Wing Right Wing Time % Phy DF OF
1 Evgeni Malkin Thomas Vanek Patrick Kane 40 1 2 2
2 Nicklas Backstrom Milan Michalek Corey Perry 30 1 2 2
3 Peter Regin Alex Tanguay Brian Rolston 20 1 2 2
4 Samuel Pahlsson Jason Blake Ales Hemsky 10 1 2 2
5 vs 5 Defense
Defense Defense Time % Phy DF OF
1 Sergei Gonchar Brian Rafalski 40 1 2 2
2 Anton Volchenkov Dennis Wideman 30 1 2 2
3 Mike Komisarek Jeff Finger 20 1 2 2
4 Sergei Gonchar Brian Rafalski 10 1 2 2
PowerPlay Forward
Center Left Wing Right Wing Time % Phy DF OF
1 Evgeni Malkin Thomas Vanek Patrick Kane 60 1 2 2
2 Nicklas Backstrom Milan Michalek Corey Perry 40 1 2 2
PowerPlay Defense
Defense Defense Time % Phy DF OF
1 Sergei Gonchar Brian Rafalski 60 1 2 2
2 Anton Volchenkov Dennis Wideman 40 1 2 2
Penalty Kill 4 Players Forward
Center Wing Time % Phy DF OF
1 Evgeni Malkin Milan Michalek 60 1 2 2
2 Samuel Pahlsson Patrick Kane 40 1 2 2
Penalty Kill 4 Players Defense
Defense Defense Time % Phy DF OF
1 Mike Komisarek Anton Volchenkov 60 1 2 2
2 Brian Rafalski Sergei Gonchar 40 1 2 2
Penalty Kill - 3 Players Forward
Forward Time % Phy DF OF
1 Evgeni Malkin 60 1 2 2
2 Milan Michalek 40 1 2 2
Penalty Kill - 3 Players Defense
Defense Defense Time % Phy DF OF
1 Sergei Gonchar Brian Rafalski 60 1 2 2
2 Anton Volchenkov Dennis Wideman 40 1 2 2
4 vs 4 Forward
Center Wing Time % Phy DF OF
1 Evgeni Malkin Milan Michalek 60 1 2 2
2 Thomas Vanek Corey Perry 40 1 2 2
4 vs 4 Defense
Defense Defense Time % Phy DF OF
1 Sergei Gonchar Brian Rafalski 60 1 2 2
2 Anton Volchenkov Dennis Wideman 40 1 2 2
Last Minutes Offensive
Center Left Wing Right Wing Defense Defense
Evgeni Malkin Thomas Vanek Patrick Kane Sergei Gonchar Brian Rafalski
Last Minutes Defensive
Center Left Wing Right Wing Defense Defense
Evgeni Malkin Milan Michalek Patrick Kane Sergei Gonchar Brian Rafalski
Goaltenders
Starting : Marty Turco
Backup : Ty Conklin
Extra Forwards
Normal : Alex Tanguay, Jason Blake, Brian Rolston - PP : Alex Tanguay, Jason Blake - PK : Brian Rolston
Extra Defensemen
Normal : Mike Komisarek, Jeff Finger, Anton Volchenkov - PP : Mike Komisarek - PK : Jeff Finger, Anton Volchenkov
Penalty Shots
Evgeni Malkin, Milan Michalek, Thomas Vanek, Corey Perry, Alex Tanguay
% Time on Ice - Oilers
Lines # - Real PCT - Wanted PCT - Time Play
Normal Forward
1 - 28% - 30% - 10:26
2 - 26% - 30% - 9:30
3 - 30% - 30% - 11:02
4 - 16% - 10% - 6:07
Normal Defense
1 - 36% - 35% - 13:29
2 - 35% - 33% - 12:59
3 - 27% - 27% - 10:07
4 - 1% - 5% - 0:30
PP Forward
1 - 57% - 50% - 3:13
2 - 43% - 50% - 2:27
PP Defense
1 - 53% - 50% - 3:00
2 - 47% - 50% - 2:40
PK Forward
1 - 51% - 50% - 5:02
2 - 49% - 50% - 4:52
PK Defense
1 - 49% - 50% - 4:49
2 - 51% - 50% - 5:05
PK3 Forward
1 - 0% - 50%
2 - 0% - 50%
PK3 Defense
1 - 0% - 50%
2 - 0% - 50%
44 Forward
1 - 54% - 50% - 3:45
2 - 46% - 50% - 3:10
44 Defense
1 - 48% - 50% - 3:18
2 - 52% - 50% - 3:37
Last Minute Offensive - 0:26
Last Minute Defensive - 0:00
Total
Forward - 60:00
Defense - 60:00
|
% Time on Ice - Capitals
Lines # - Real PCT - Wanted PCT - Time Play
Normal Forward
1 - 35% - 40% - 12:55
2 - 26% - 30% - 9:29
3 - 24% - 20% - 9:02
4 - 15% - 10% - 5:36
Normal Defense
1 - 47% - 40% - 17:35
2 - 35% - 30% - 12:53
3 - 17% - 20% - 6:16
4 - 1% - 10% - 0:18
PP Forward
1 - 60% - 60% - 5:59
2 - 40% - 40% - 3:55
PP Defense
1 - 57% - 60% - 5:38
2 - 43% - 40% - 4:16
PK Forward
1 - 72% - 60% - 4:05
2 - 28% - 40% - 1:35
PK Defense
1 - 48% - 60% - 2:44
2 - 52% - 40% - 2:56
PK3 Forward
1 - 0% - 60%
2 - 0% - 40%
PK3 Defense
1 - 0% - 60%
2 - 0% - 40%
44 Forward
1 - 74% - 60% - 5:07
2 - 26% - 40% - 1:48
44 Defense
1 - 71% - 60% - 4:56
2 - 29% - 40% - 1:59
Last Minute Offensive - 0:00
Last Minute Defensive - 0:29
Total
Forward - 60:00
Defense - 60:00
|
Play by Play
1st period
0:01 of 1st period - Evgeni Malkin wins face-off versus Pierre-Marc Bouchard in neutral zone.
0:14 of 1st period - Wrist shot by Pierre-Marc Bouchard.
0:14 of 1st period - Shot Blocked by Brian Rafalski.
0:23 of 1st period - Icing by Thomas Vanek.
0:24 of 1st period - Pavel Datsyuk wins face-off versus Evgeni Malkin in Capitals zone.
1:27 of 1st period - Wrist shot by Marty Reasoner.
1:27 of 1st period - Stopped by Marty Turco with a rebound.
2:12 of 1st period - Anton Volchenkov is hit by Jonathan Toews and loses puck.
2:21 of 1st period - Steve Begin is hit by Milan Michalek and loses puck.
2:48 of 1st period - Wrist shot by Alex Tanguay.
2:48 of 1st period - Shot Misses the Net.
3:06 of 1st period - Snap shot by Pavel Datsyuk.
3:06 of 1st period - Shot Blocked by Anton Volchenkov.
3:14 of 1st period - Wrist shot by Patrick Marleau.
3:14 of 1st period - Shot Misses the Net.
3:30 of 1st period - Snap shot by Ales Hemsky.
3:30 of 1st period - Stopped by Cam Ward with a rebound.
4:11 of 1st period - Snap shot by Patrick Marleau.
4:11 of 1st period - Stopped by Marty Turco with a rebound.
4:51 of 1st period - Snap shot by Ilya Kovalchuk.
4:51 of 1st period - Stopped by Marty Turco without a rebound.
4:52 of 1st period - Jonathan Toews wins face-off versus Evgeni Malkin in Capitals zone.
5:07 of 1st period - Slapshot by Sergei Gonchar.
5:07 of 1st period - Stopped by Cam Ward without a rebound.
5:08 of 1st period - Nicklas Backstrom wins face-off versus Pavel Datsyuk in Oilers zone.
5:11 of 1st period - Wrist shot by Milan Michalek.
5:11 of 1st period - Shot Blocked by Joe Callahan.
5:42 of 1st period - Patrick Kaleta is hit by Evgeni Malkin.
6:25 of 1st period - Slapshot by Ian White.
6:25 of 1st period - Stopped by Marty Turco without a rebound.
6:26 of 1st period - Pavel Datsyuk wins face-off versus Evgeni Malkin in Capitals zone.
6:28 of 1st period - Minor Penalty to Pavel Datsyuk for High sticking.
6:29 of 1st period - Ilya Kovalchuk wins face-off versus Evgeni Malkin in Oilers zone.
7:11 of 1st period - Marty Reasoner is hit by Evgeni Malkin and loses puck.
7:41 of 1st period - Slapshot by Evgeni Malkin.
7:41 of 1st period - Shot Blocked by Ilya Kovalchuk.
7:53 of 1st period - Jonathan Toews is hit by Thomas Vanek and loses puck.
7:54 of 1st period - Jonathan Toews from Oilers is injured at 7:54 of 1st period (Bruised Right Foot).
7:55 of 1st period - Evgeni Malkin wins face-off versus Marty Reasoner in Oilers zone.
8:04 of 1st period - Snap shot by Evgeni Malkin.
8:04 of 1st period - Stopped by Cam Ward without a rebound.
8:05 of 1st period - Marty Reasoner wins face-off versus Evgeni Malkin in Oilers zone.
8:14 of 1st period - Slapshot by Sergei Gonchar.
8:14 of 1st period - Shot Misses the Net.
8:16 of 1st period - Wrist shot by Thomas Vanek.
8:16 of 1st period - Stopped by Cam Ward without a rebound.
8:17 of 1st period - Ilya Kovalchuk wins face-off versus Nicklas Backstrom in Oilers zone.
8:28 of 1st period - Penalty to Pavel Datsyuk is over, Pavel Datsyuk is back on ice.
8:30 of 1st period - Martin Lapointe is hit by Nicklas Backstrom and loses puck.
8:53 of 1st period - Wrist shot by Ilya Kovalchuk.
8:53 of 1st period - Shot Misses the Net.
8:55 of 1st period - Slapshot by Ilya Kovalchuk.
8:55 of 1st period - Stopped by Marty Turco without a rebound.
8:56 of 1st period - Milan Michalek wins face-off versus Pavel Datsyuk in Capitals zone.
9:26 of 1st period - Marty Reasoner is hit by Anton Volchenkov and loses puck.
9:42 of 1st period - Minor Penalty to Evgeni Malkin for Holding.
9:42 of 1st period - Minor Penalty to Mark Fistric for Hooking.
9:43 of 1st period - Pavel Datsyuk wins face-off versus Alex Tanguay in neutral zone.
9:46 of 1st period - Sergei Gonchar is hit by Joe Pavelski and loses puck.
10:07 of 1st period - Sergei Gonchar is hit by Jiri Slegr and loses puck.
11:36 of 1st period - Brian Rafalski is hit by Marty Reasoner and loses puck.
11:42 of 1st period - Penalty to Evgeni Malkin is over, Evgeni Malkin is back on ice.
11:42 of 1st period - Penalty to Mark Fistric is over, Mark Fistric is back on ice.
11:49 of 1st period - Wrist shot by Milan Michalek.
11:49 of 1st period - Shot Misses the Net.
11:51 of 1st period - Backhand shot by Nicklas Backstrom.
11:51 of 1st period - Shot Blocked by Ian White.
11:53 of 1st period - Slapshot by Milan Michalek.
11:53 of 1st period - Goal by Milan Michalek - Oilers : 0 - Capitals : 1.
11:54 of 1st period - Pavel Datsyuk wins face-off versus Patrick Kane in neutral zone.
11:57 of 1st period - Slapshot by Patrick Marleau.
11:57 of 1st period - Goal by Patrick Marleau - Oilers : 1 - Capitals : 1.
11:58 of 1st period - Evgeni Malkin wins face-off versus Pavel Datsyuk in neutral zone.
12:01 of 1st period - Pavel Datsyuk is hit by Evgeni Malkin and loses puck.
12:25 of 1st period - Steve Begin is hit by Peter Regin and loses puck.
12:32 of 1st period - Wrist shot by Brian Rolston.
12:32 of 1st period - Shot Blocked by Ilya Kovalchuk.
12:34 of 1st period - Slapshot by Sergei Gonchar.
12:34 of 1st period - Stopped by Cam Ward without a rebound.
12:35 of 1st period - Nicklas Backstrom wins face-off versus Pierre-Marc Bouchard in Oilers zone.
12:38 of 1st period - Slapshot by Dennis Wideman.
12:38 of 1st period - Shot Misses the Net.
13:06 of 1st period - Snap shot by Pavel Datsyuk.
13:06 of 1st period - Goal by Pavel Datsyuk - Oilers : 2 - Capitals : 1.
13:07 of 1st period - Pavel Datsyuk wins face-off versus Evgeni Malkin in neutral zone.
13:14 of 1st period - Wrist shot by Joe Pavelski.
13:14 of 1st period - Stopped by Marty Turco with a rebound.
13:22 of 1st period - Snap shot by Evgeni Malkin.
13:22 of 1st period - Shot Blocked by Joe Pavelski.
13:41 of 1st period - Snap shot by Ilya Kovalchuk.
13:41 of 1st period - Stopped by Marty Turco without a rebound.
13:42 of 1st period - Evgeni Malkin wins face-off versus Pierre-Marc Bouchard in Capitals zone.
13:57 of 1st period - Slapshot by Evgeni Malkin.
13:57 of 1st period - Shot Misses the Net.
14:58 of 1st period - Snap shot by Peter Regin.
14:58 of 1st period - Stopped by Cam Ward without a rebound.
14:59 of 1st period - Ilya Kovalchuk wins face-off versus Evgeni Malkin in Oilers zone.
15:43 of 1st period - Snap shot by Steve Begin.
15:43 of 1st period - Shot Blocked by Brian Rolston.
15:53 of 1st period - Snap shot by Joe Pavelski.
15:53 of 1st period - Deflect By Ilya Kovalchuk.
15:53 of 1st period - Stopped by Marty Turco with a rebound.
15:55 of 1st period - Wrist shot by Steve Begin.
15:55 of 1st period - Stopped by Marty Turco with a rebound.
15:57 of 1st period - Snap shot by Ilya Kovalchuk.
15:57 of 1st period - Shot Hit the Post.
15:59 of 1st period - Snap shot by Ilya Kovalchuk.
15:59 of 1st period - Stopped by Marty Turco without a rebound.
16:00 of 1st period - Evgeni Malkin wins face-off versus Pavel Datsyuk in Capitals zone.
16:16 of 1st period - Wrist shot by Evgeni Malkin.
16:16 of 1st period - Shot Blocked by Jiri Slegr.
16:29 of 1st period - Wrist shot by Martin Lapointe.
16:29 of 1st period - Shot Misses the Net.
16:31 of 1st period - Backhand shot by Eric Nystrom.
16:31 of 1st period - Stopped by Marty Turco with a rebound.
16:35 of 1st period - Wrist shot by Eric Nystrom.
16:35 of 1st period - Shot Misses the Net.
16:37 of 1st period - Slapshot by Ian White.
16:37 of 1st period - Stopped by Marty Turco with a rebound.
16:55 of 1st period - Slapshot by Sergei Gonchar.
16:55 of 1st period - Stopped by Cam Ward without a rebound.
16:56 of 1st period - Evgeni Malkin wins face-off versus Patrick Marleau in Oilers zone.
16:57 of 1st period - Slapshot by Patrick Kane.
16:57 of 1st period - Stopped by Cam Ward without a rebound.
16:58 of 1st period - Pavel Datsyuk wins face-off versus Evgeni Malkin in Oilers zone.
17:36 of 1st period - Minor Penalty to Alex Tanguay for Hooking.
17:37 of 1st period - Pierre-Marc Bouchard wins face-off versus Evgeni Malkin in Capitals zone.
18:27 of 1st period - Snap shot by Pierre-Marc Bouchard.
18:27 of 1st period - Stopped by Marty Turco with a rebound.
19:17 of 1st period - Mike Komisarek is hit by Kurtis Foster and loses puck.
19:36 of 1st period - Penalty to Alex Tanguay is over, Alex Tanguay is back on ice.
2nd period
0:01 of 2nd period - Evgeni Malkin wins face-off versus Pierre-Marc Bouchard in neutral zone.
0:12 of 2nd period - Wrist shot by Evgeni Malkin.
0:12 of 2nd period - Deflect By Patrick Kane.
0:12 of 2nd period - Stopped by Cam Ward without a rebound.
0:13 of 2nd period - Pierre-Marc Bouchard wins face-off versus Evgeni Malkin in Oilers zone.
0:20 of 2nd period - Wrist shot by Ilya Kovalchuk.
0:20 of 2nd period - Stopped by Marty Turco without a rebound.
0:21 of 2nd period - Pierre-Marc Bouchard wins face-off versus Evgeni Malkin in Capitals zone.
1:14 of 2nd period - Slapshot by Brian Rafalski.
1:14 of 2nd period - Shot Blocked by Martin Lapointe.
1:16 of 2nd period - Wrist shot by Brian Rafalski.
1:16 of 2nd period - Stopped by Cam Ward without a rebound.
1:17 of 2nd period - Pierre-Marc Bouchard wins face-off versus Evgeni Malkin in Oilers zone.
2:05 of 2nd period - Minor Penalty to Brian Rolston for Slashing.
2:06 of 2nd period - Pavel Datsyuk wins face-off versus Evgeni Malkin in Capitals zone.
2:37 of 2nd period - Icing by Ian White.
2:38 of 2nd period - Samuel Pahlsson wins face-off versus Pierre-Marc Bouchard in Oilers zone.
3:01 of 2nd period - Snap shot by Jiri Slegr.
3:01 of 2nd period - Deflect By Steve Begin.
3:01 of 2nd period - Stopped by Marty Turco with a rebound.
3:03 of 2nd period - Snap shot by Pierre-Marc Bouchard.
3:03 of 2nd period - Shot Misses the Net.
3:05 of 2nd period - Slapshot by Ian White.
3:05 of 2nd period - Stopped by Marty Turco with a rebound.
3:06 of 2nd period - Minor Penalty to Steve Begin for Tripping.
3:07 of 2nd period - Evgeni Malkin wins face-off versus Pavel Datsyuk in Oilers zone.
3:32 of 2nd period - Sergei Gonchar is hit by Pierre-Marc Bouchard.
3:33 of 2nd period - Sergei Gonchar from Capitals is injured at 3:33 of 2nd period (Bruised Right Foot).
3:34 of 2nd period - Pierre-Marc Bouchard wins face-off versus Evgeni Malkin in Capitals zone.
4:05 of 2nd period - Penalty to Brian Rolston is over, Brian Rolston is back on ice.
4:28 of 2nd period - Milan Michalek is hit by Pavel Datsyuk.
5:06 of 2nd period - Penalty to Steve Begin is over, Steve Begin is back on ice.
5:10 of 2nd period - Icing by Jiri Slegr.
5:11 of 2nd period - Marty Reasoner wins face-off versus Peter Regin in Oilers zone.
6:46 of 2nd period - Patrick Kane is hit by Mark Fistric and loses puck.
6:50 of 2nd period - Minor Penalty to Steve Begin for Tripping.
6:51 of 2nd period - Marty Reasoner wins face-off versus Evgeni Malkin in Oilers zone.
7:20 of 2nd period - Joe Callahan is hit by Corey Perry and loses puck.
7:27 of 2nd period - Slapshot by Milan Michalek.
7:27 of 2nd period - Shot Misses the Net.
7:29 of 2nd period - Snap shot by Nicklas Backstrom.
7:29 of 2nd period - Shot Misses the Net.
7:43 of 2nd period - Thomas Vanek is hit by Mark Fistric and loses puck.
8:50 of 2nd period - Penalty to Steve Begin is over, Steve Begin is back on ice.
8:57 of 2nd period - Ilya Kovalchuk is hit by Brian Rolston and loses puck.
9:19 of 2nd period - Eric Nystrom is hit by Ales Hemsky and loses puck.
9:38 of 2nd period - Dennis Wideman is hit by Ilya Kovalchuk and loses puck.
9:49 of 2nd period - Samuel Pahlsson is hit by Ilya Kovalchuk and loses puck.
9:54 of 2nd period - Wrist shot by Ilya Kovalchuk.
9:54 of 2nd period - Stopped by Marty Turco without a rebound.
9:55 of 2nd period - Pavel Datsyuk wins face-off versus Nicklas Backstrom in Capitals zone.
10:00 of 2nd period - Snap shot by Pavel Datsyuk.
10:00 of 2nd period - Shot Misses the Net.
10:08 of 2nd period - Snap shot by Pavel Datsyuk.
10:08 of 2nd period - Stopped by Marty Turco without a rebound.
10:09 of 2nd period - Pavel Datsyuk wins face-off versus Evgeni Malkin in Capitals zone.
10:37 of 2nd period - Brian Rafalski is hit by Marty Reasoner and loses puck.
10:56 of 2nd period - Wrist shot by Alex Tanguay.
10:56 of 2nd period - Shot Blocked by Patrick Kaleta.
10:58 of 2nd period - Slapshot by Mike Komisarek.
10:58 of 2nd period - Stopped by Cam Ward with a rebound.
11:11 of 2nd period - Minor Penalty to Rob Scuderi for High sticking.
11:12 of 2nd period - Marty Reasoner wins face-off versus Evgeni Malkin in Oilers zone.
11:12 of 2nd period - Marty Reasoner is hit by Thomas Vanek.
11:24 of 2nd period - Slapshot by Anton Volchenkov.
11:24 of 2nd period - Deflect By Joe Callahan.
11:24 of 2nd period - Stopped by Cam Ward with a rebound.
13:11 of 2nd period - Penalty to Rob Scuderi is over, Rob Scuderi is back on ice.
13:25 of 2nd period - Snap shot by Joe Callahan.
13:25 of 2nd period - Deflect By Pierre-Marc Bouchard.
13:25 of 2nd period - Shot Misses the Net.
13:25 of 2nd period - Puck is out of play.
13:26 of 2nd period - Pierre-Marc Bouchard wins face-off versus Samuel Pahlsson in Capitals zone.
13:51 of 2nd period - Pavel Datsyuk is hit by Brian Rafalski.
13:57 of 2nd period - Patrick Kane is hit by Jiri Slegr and loses puck.
14:12 of 2nd period - Nicklas Backstrom is hit by Ilya Kovalchuk.
15:38 of 2nd period - Slapshot by Dennis Wideman.
15:38 of 2nd period - Deflect By Milan Michalek.
15:38 of 2nd period - Shot Blocked by Mark Fistric.
15:38 of 2nd period - Puck is out of play.
15:39 of 2nd period - Evgeni Malkin wins face-off versus Pierre-Marc Bouchard in Oilers zone.
15:40 of 2nd period - Snap shot by Patrick Kane.
15:40 of 2nd period - Stopped by Cam Ward with a rebound.
15:50 of 2nd period - Snap shot by Ilya Kovalchuk.
15:50 of 2nd period - Shot Misses the Net.
15:52 of 2nd period - Wrist shot by Pierre-Marc Bouchard.
15:52 of 2nd period - Goal by Pierre-Marc Bouchard - Oilers : 3 - Capitals : 1.
15:53 of 2nd period - Pavel Datsyuk wins face-off versus Evgeni Malkin in neutral zone.
16:10 of 2nd period - Minor Penalty to Brian Rafalski for Holding.
16:11 of 2nd period - Evgeni Malkin wins face-off versus Pavel Datsyuk in Capitals zone.
18:10 of 2nd period - Penalty to Brian Rafalski is over, Brian Rafalski is back on ice.
18:19 of 2nd period - Wrist shot by Eric Nystrom.
18:19 of 2nd period - Shot Misses the Net.
18:21 of 2nd period - Slapshot by Rob Scuderi.
18:21 of 2nd period - Deflect By Eric Nystrom.
18:21 of 2nd period - Stopped by Marty Turco with a rebound.
18:43 of 2nd period - Slapshot by Dennis Wideman.
18:43 of 2nd period - Shot Blocked by Mark Fistric.
19:01 of 2nd period - Minor Penalty to Jeff Finger for Roughing.
19:01 of 2nd period - Minor Penalty to Steve Begin for Tripping.
19:02 of 2nd period - Evgeni Malkin wins face-off versus Pierre-Marc Bouchard in Oilers zone.
3rd period
0:01 of 3rd period - Milan Michalek wins face-off versus Pierre-Marc Bouchard in neutral zone.
0:40 of 3rd period - Wrist shot by Thomas Vanek.
0:40 of 3rd period - Stopped by Cam Ward without a rebound.
0:41 of 3rd period - Pierre-Marc Bouchard wins face-off versus Evgeni Malkin in Oilers zone.
1:00 of 3rd period - Off-side.
1:01 of 3rd period - Penalty to Jeff Finger is over, Jeff Finger is back on ice.
1:01 of 3rd period - Penalty to Steve Begin is over, Steve Begin is back on ice.
1:01 of 3rd period - Peter Regin wins face-off versus Pavel Datsyuk in neutral zone.
1:26 of 3rd period - Kurtis Foster is hit by Thomas Vanek.
1:36 of 3rd period - Snap shot by Pierre-Marc Bouchard.
1:36 of 3rd period - Shot Misses the Net.
2:22 of 3rd period - Wrist shot by Corey Perry.
2:22 of 3rd period - Shot Misses the Net.
2:27 of 3rd period - Minor Penalty to Corey Perry for Hooking.
2:27 of 3rd period - Minor Penalty to Pavel Datsyuk for High sticking.
2:28 of 3rd period - Pierre-Marc Bouchard wins face-off versus Evgeni Malkin in Oilers zone.
2:37 of 3rd period - Slapshot by Jiri Slegr.
2:37 of 3rd period - Shot Blocked by Mike Komisarek.
2:53 of 3rd period - Mike Komisarek is hit by Jiri Slegr.
3:43 of 3rd period - Mike Komisarek is hit by Marty Reasoner and loses puck.
3:58 of 3rd period - Joe Callahan is hit by Evgeni Malkin and loses puck.
4:27 of 3rd period - Penalty to Corey Perry is over, Corey Perry is back on ice.
4:27 of 3rd period - Penalty to Pavel Datsyuk is over, Pavel Datsyuk is back on ice.
4:32 of 3rd period - Wrist shot by Kurtis Foster.
4:32 of 3rd period - Stopped by Marty Turco with a rebound.
4:52 of 3rd period - Slapshot by Ales Hemsky.
4:52 of 3rd period - Stopped by Cam Ward with a rebound.
4:54 of 3rd period - Slapshot by Samuel Pahlsson.
4:54 of 3rd period - Stopped by Cam Ward with a rebound.
4:56 of 3rd period - Snap shot by Ales Hemsky.
4:56 of 3rd period - Shot Blocked by Mark Fistric.
4:58 of 3rd period - Slapshot by Jeff Finger.
4:58 of 3rd period - Deflect By Steve Begin.
4:58 of 3rd period - Stopped by Cam Ward without a rebound.
4:59 of 3rd period - Samuel Pahlsson wins face-off versus Marty Reasoner in Oilers zone.
6:13 of 3rd period - Snap shot by Martin Lapointe.
6:13 of 3rd period - Deflect By Patrick Kane.
6:13 of 3rd period - Stopped by Marty Turco with a rebound.
6:15 of 3rd period - Snap shot by Joe Callahan.
6:15 of 3rd period - Deflect By Patrick Kane.
6:15 of 3rd period - Stopped by Marty Turco with a rebound.
6:17 of 3rd period - Slapshot by Kurtis Foster.
6:17 of 3rd period - Stopped by Marty Turco without a rebound.
6:18 of 3rd period - Nicklas Backstrom wins face-off versus Pavel Datsyuk in Capitals zone.
6:18 of 3rd period - Nicklas Backstrom is hit by Patrick Marleau.
6:42 of 3rd period - Jiri Slegr is hit by Brian Rafalski.
7:02 of 3rd period - Slapshot by Brian Rafalski.
7:02 of 3rd period - Stopped by Cam Ward without a rebound.
7:03 of 3rd period - Pavel Datsyuk wins face-off versus Peter Regin in Oilers zone.
7:12 of 3rd period - Snap shot by Steve Begin.
7:12 of 3rd period - Shot Blocked by Alex Tanguay.
7:14 of 3rd period - Snap shot by Pavel Datsyuk.
7:14 of 3rd period - Stopped by Marty Turco without a rebound.
7:15 of 3rd period - Pavel Datsyuk wins face-off versus Evgeni Malkin in Capitals zone.
7:24 of 3rd period - Snap shot by Patrick Kane.
7:24 of 3rd period - Stopped by Cam Ward without a rebound.
7:25 of 3rd period - Pavel Datsyuk wins face-off versus Evgeni Malkin in Oilers zone.
7:30 of 3rd period - Joe Callahan is hit by Dennis Wideman and loses puck.
7:35 of 3rd period - Snap shot by Patrick Kane.
7:35 of 3rd period - Shot Misses the Net.
7:37 of 3rd period - Slapshot by Dennis Wideman.
7:37 of 3rd period - Shot Blocked by Kurtis Foster.
7:39 of 3rd period - Wrist shot by Patrick Kane.
7:39 of 3rd period - Stopped by Cam Ward without a rebound.
7:40 of 3rd period - Pierre-Marc Bouchard wins face-off versus Nicklas Backstrom in Oilers zone.
7:42 of 3rd period - Icing by Ian White.
7:43 of 3rd period - Pierre-Marc Bouchard wins face-off versus Nicklas Backstrom in Oilers zone.
7:43 of 3rd period - Pierre-Marc Bouchard is hit by Brian Rafalski.
8:19 of 3rd period - Slapshot by Patrick Marleau.
8:19 of 3rd period - Shot Blocked by Thomas Vanek.
8:55 of 3rd period - Slapshot by Marty Reasoner.
8:55 of 3rd period - Stopped by Marty Turco with a rebound.
9:15 of 3rd period - Wrist shot by Corey Perry.
9:15 of 3rd period - Stopped by Cam Ward without a rebound.
9:16 of 3rd period - Pierre-Marc Bouchard wins face-off versus Patrick Kane in Oilers zone.
9:16 of 3rd period - Pierre-Marc Bouchard is hit by Thomas Vanek.
9:42 of 3rd period - Corey Perry is hit by Pascal Dupuis.
9:46 of 3rd period - Kurtis Foster is hit by Anton Volchenkov and loses puck.
10:01 of 3rd period - Anton Volchenkov is hit by Joe Pavelski and loses puck.
10:08 of 3rd period - Kurtis Foster is hit by Peter Regin and loses puck.
10:21 of 3rd period - Joe Callahan is hit by Dennis Wideman and loses puck.
10:26 of 3rd period - Wrist shot by Evgeni Malkin.
10:26 of 3rd period - Stopped by Cam Ward without a rebound.
10:27 of 3rd period - Thomas Vanek wins face-off versus Pavel Datsyuk in Oilers zone.
10:34 of 3rd period - Snap shot by Evgeni Malkin.
10:34 of 3rd period - Goal by Evgeni Malkin - Oilers : 3 - Capitals : 2.
10:35 of 3rd period - Pavel Datsyuk wins face-off versus Evgeni Malkin in neutral zone.
11:00 of 3rd period - Ian White is hit by Milan Michalek and loses puck.
11:35 of 3rd period - Minor Penalty to Kurtis Foster for High sticking.
11:36 of 3rd period - Marty Reasoner wins face-off versus Thomas Vanek in Oilers zone.
11:54 of 3rd period - Martin Lapointe is hit by Evgeni Malkin and loses puck.
12:05 of 3rd period - Slapshot by Corey Perry.
12:05 of 3rd period - Stopped by Cam Ward without a rebound.
12:06 of 3rd period - Nicklas Backstrom wins face-off versus Steve Begin in Oilers zone.
12:39 of 3rd period - Steve Begin is hit by Evgeni Malkin and loses puck.
13:35 of 3rd period - Penalty to Kurtis Foster is over, Kurtis Foster is back on ice.
14:04 of 3rd period - Minor Penalty to Pascal Dupuis for Holding.
14:05 of 3rd period - Marty Reasoner wins face-off versus Evgeni Malkin in Oilers zone.
14:05 of 3rd period - Martin Lapointe is hit by Patrick Kane and loses puck.
14:12 of 3rd period - Wrist shot by Evgeni Malkin.
14:12 of 3rd period - Goal by Evgeni Malkin - Oilers : 3 - Capitals : 3.
14:13 of 3rd period - Evgeni Malkin wins face-off versus Pavel Datsyuk in neutral zone.
14:16 of 3rd period - Snap shot by Jeff Finger.
14:16 of 3rd period - Stopped by Cam Ward without a rebound.
14:17 of 3rd period - Pavel Datsyuk wins face-off versus Evgeni Malkin in Oilers zone.
14:43 of 3rd period - Backhand shot by Ilya Kovalchuk.
14:43 of 3rd period - Stopped by Marty Turco with a rebound.
14:51 of 3rd period - Jiri Slegr is hit by Patrick Kane and loses puck.
14:58 of 3rd period - Wrist shot by Evgeni Malkin.
14:58 of 3rd period - Stopped by Cam Ward without a rebound.
14:59 of 3rd period - Nicklas Backstrom wins face-off versus Pavel Datsyuk in Oilers zone.
15:47 of 3rd period - Snap shot by Eric Nystrom.
15:47 of 3rd period - Stopped by Marty Turco with a rebound.
15:49 of 3rd period - Snap shot by Marty Reasoner.
15:49 of 3rd period - Stopped by Marty Turco with a rebound.
15:51 of 3rd period - Snap shot by Eric Nystrom.
15:51 of 3rd period - Stopped by Marty Turco with a rebound.
16:13 of 3rd period - Wrist shot by Samuel Pahlsson.
16:13 of 3rd period - Stopped by Cam Ward without a rebound.
16:14 of 3rd period - Peter Regin wins face-off versus Pavel Datsyuk in Oilers zone.
16:15 of 3rd period - Snap shot by Brian Rolston.
16:15 of 3rd period - Shot Misses the Net.
16:17 of 3rd period - Slapshot by Peter Regin.
16:17 of 3rd period - Shot Misses the Net.
16:25 of 3rd period - Wrist shot by Alex Tanguay.
16:25 of 3rd period - Shot Blocked by Pavel Datsyuk.
16:27 of 3rd period - Wrist shot by Brian Rolston.
16:27 of 3rd period - Stopped by Cam Ward with a rebound.
16:29 of 3rd period - Slapshot by Jeff Finger.
16:29 of 3rd period - Shot Misses the Net.
16:36 of 3rd period - Icing by Jiri Slegr.
16:37 of 3rd period - Marty Reasoner wins face-off versus Evgeni Malkin in Oilers zone.
16:42 of 3rd period - Mike Komisarek is hit by Ian White and loses puck.
16:53 of 3rd period - Snap shot by Thomas Vanek.
16:53 of 3rd period - Stopped by Cam Ward with a rebound.
17:10 of 3rd period - Snap shot by Martin Lapointe.
17:10 of 3rd period - Deflect By Brian Rafalski.
17:10 of 3rd period - Stopped by Marty Turco without a rebound.
17:10 of 3rd period - Minor Penalty to Kurtis Foster for Hooking.
17:11 of 3rd period - Nicklas Backstrom wins face-off versus Pavel Datsyuk in Oilers zone.
17:12 of 3rd period - Slapshot by Corey Perry.
17:12 of 3rd period - Deflect By Nicklas Backstrom.
17:12 of 3rd period - Stopped by Cam Ward with a rebound.
17:14 of 3rd period - Slapshot by Brian Rafalski.
17:14 of 3rd period - Stopped by Cam Ward with a rebound.
17:16 of 3rd period - Snap shot by Nicklas Backstrom.
17:16 of 3rd period - Stopped by Cam Ward with a rebound.
17:18 of 3rd period - Snap shot by Corey Perry.
17:18 of 3rd period - Stopped by Cam Ward without a rebound.
17:19 of 3rd period - Nicklas Backstrom wins face-off versus Pavel Datsyuk in Oilers zone.
17:57 of 3rd period - Snap shot by Evgeni Malkin.
17:57 of 3rd period - Stopped by Cam Ward with a rebound.
17:59 of 3rd period - Slapshot by Mike Komisarek.
17:59 of 3rd period - Goal by Mike Komisarek - Oilers : 3 - Capitals : 4.
18:00 of 3rd period - Peter Regin wins face-off versus Pavel Datsyuk in neutral zone.
18:03 of 3rd period - Slapshot by Brian Rafalski.
18:03 of 3rd period - Shot Misses the Net.
18:30 of 3rd period - Off-side.
18:31 of 3rd period - Marty Reasoner wins face-off versus Evgeni Malkin in neutral zone.
19:11 of 3rd period - Oilers, Cam Ward is pulled from the net.
19:11 of 3rd period - Snap shot by Pavel Datsyuk.
19:11 of 3rd period - Shot Blocked by Brian Rafalski.
19:13 of 3rd period - Wrist shot by Pavel Datsyuk.
19:13 of 3rd period - Stopped by Marty Turco with a rebound.
19:18 of 3rd period - Minor Penalty to Patrick Kane for Hooking.
19:19 of 3rd period - Evgeni Malkin wins face-off versus Steve Begin in Capitals zone.
19:19 of 3rd period - Evgeni Malkin is hit by Jiri Slegr.
19:39 of 3rd period - Wrist shot by Joe Pavelski.
19:39 of 3rd period - Stopped by Marty Turco with a rebound.
19:59 of 3rd period - Samuel Pahlsson is hit by Ilya Kovalchuk and loses puck.
Output by the SimonT Hockey Simulator (STHS) for François Prévost -- Original Page W3C XHTML 1.0 Valid